Map: Acropolis LE

Players

BackupJ - Winner!

  • Race: Protoss Protoss
  • Spawn Location: 11:00

Trumpet

  • Race: Protoss Protoss
  • Spawn Location: 5:00

VOD

Have the link to the VOD?

Description

Time

  • Played on: Sept. 6, 2019, 2:41 p.m.
  • Length: 7:35
Show
View Real Time Build Order
Export as new Build Order

BackupJ Protoss - Winner!

Build Orders: Phoenix Opening 

Get SALT Encoding   

  12  0:00  Probe  
  13  0:12  Probe  
  14  0:18  Pylon  
  14  0:23  Probe  
  15  0:32  Probe  
  15  0:39  Gateway  
  15  0:40  Probe  
  16  0:45  Assimilator  
  17  0:52  Probe  
  18  0:57  Assimilator  
  18  1:00  Probe  
  18  1:09  Probe  
  19  1:12  Gateway  
  20  1:19  Probe  
  21  1:27  Cybernetics Core  
  21  1:31  Probe  
  22  1:36  Pylon  
  22  1:43  Probe  
  23  1:55  Warp Gate, Probe  
  24  2:03  Stalker  
  24  2:04  Sentry  
  24  2:07  Probe  
  29  2:14  Pylon  
  29  2:16  Pylon  
  29  2:22  Probe  
  30  2:32  Stalker  
  30  2:34  Sentry  
  34  2:38  Phoenix  
  34  2:41  Shield Battery  
  34  2:54  Nexus  
  34  2:59  Pylon  
  34  3:02  Sentry  
  36  3:07  Phoenix  
  36  3:09  Stalker  
  38  3:13  Probe  
  39  3:25  Probe  
  40  3:27  Robotics Facility  
  40  3:37  Probe  
  41  3:43  Stalker  
  41  3:47  Stalker  
  45  3:49  Probe  
  46  3:58  Pylon  
  46  4:01  Probe  
  47  4:06  Immortal  
  47  4:09  Probe  
  48  4:13  Probe  
  53  4:25  Stargate  
  53  4:35  Pylon, Stalker  
  55  4:39  Warp Prism  
  55  4:51  Probe x2  
  59  4:55  Stalker  
  59  4:59  Stalker  
  63  5:03  Phoenix  
  63  5:09  Shield Battery  
  65  5:22  Shield Battery  
  65  5:26  Immortal  
  69  5:34  Probe x2  
  71  5:37  Pylon, Stalker  
  73  5:47  Stalker  
  73  5:48  Probe x2  
  77  5:56  Pylon  
  77  5:58  Assimilator  
  77  6:08  Immortal  
  77  6:10  Probe x2  
  83  6:13  Assimilator  
  83  6:26  Phoenix  
  83  6:27  Probe x2  
  83  6:29  Pylon  
  85  6:39  Pylon  
  85  6:42  Phoenix  
  85  6:45  Probe x2  
  87  6:49  Forge  
  87  6:51  Observer  
  90  7:05  Stalker x2  
  90  7:07  Gateway  
  96  7:20  Pylon  
Show
View Real Time Build Order
Export as new Build Order

Trumpet Protoss 

Build Orders:  

Get SALT Encoding   

  12  0:00  Probe  
  13  0:12  Probe  
  14  0:17  Pylon  
  14  0:21  Probe  
  15  0:31  Probe  
  15  0:37  Gateway  
  15  0:41  Probe  
  16  0:47  Assimilator  
  17  0:53  Probe  
  17  0:55  Assimilator  
  18  1:05  Probe  
  18  1:08  Gateway  
  19  1:17  Probe  
  20  1:24  Cybernetics Core  
  20  1:29  Probe  
  21  1:34  Pylon  
  21  1:41  Probe  
  22  1:52  Stalker  
  22  1:53  Stalker  
  22  1:54  Probe  
  27  2:02  Warp Gate  
  27  2:16  Robotics Facility  
  27  2:25  Pylon  
  27  2:28  Stalker  
  29  2:36  Stalker  
  30  2:45  Probe  
  31  2:51  Gateway  
  31  2:57  Warp Prism  
  33  3:19  Robotics Bay  
  33  3:50  Stalker  
  33  3:51  Stalker x2  
  33  3:55  Pylon  
  39  4:03  Disruptor  
  42  4:17  Pylon, Adept  
  42  4:19  Adept  
  46  4:29  Pylon  
  46  4:38  Disruptor  
  46  4:42  Adept  
  51  4:48  Adept  
  53  4:54  Adept  
  55  5:10  Pylon  
  55  5:14  Adept x2  
  59  5:24  Disruptor  
  62  5:34  Pylon  
  62  5:47  Adept x2  
  64  5:50  Adept  
  66  6:11  Adept x3  
  72  6:25  Warp Prism  
  69  6:37  Adept x2  
  75  6:44  Adept  
  77  6:57  Disruptor  
  76  7:15  Pylon  
  76  7:16  Pylon  
Tags
 
Add a new tag
Caveats
  • Supply blocks, unpowered buildings, or Contaminate may cause inaccurate times.
  • Supply counts are checked every 10 seconds.